 Dungeon Crawl Stone Soup version 0.28-a0-662-g1651b1f1e0 (webtiles) character file.

Game seed: 5683696396134498443

1 flotson the Sneak (level 1, 0/18 HPs)
             Began as a Demonspawn Delver on Oct 14, 2021.
             Was a Plaything of Xom.
             Slain by a hound (2 damage)
             ... on level 5 of the Dungeon.
             The game lasted 00:02:28 (913 turns).

flotson the Sneak (Demonspawn Delver)                Turns: 913, Time: 00:02:29

Health: 0/18       AC:  3    Str: 12    XL:     1   Next: 16%
Magic:  1/1        EV: 11    Int: 11    God:    Xom [..*...]
Gold:   59         SH:  0    Dex: 14    Spells: 0/0 levels left

rFire   . . .      SeeInvis .   a - +0 hand axe
rCold   . . .      Faith    .   (no shield)
rNeg    . . .      Spirit   .   b - +0 leather armour
rPois   .          Reflect  .   (no helmet)
rElec   .          Harm     .   (no cloak)
rCorr   .          Rampage  .   (no gloves)
Will    .....                   (no boots)
Stlth   ++........              (no amulet)
HPRegen 0.06/turn               (no ring)
MPRegen 0.07/turn               (no ring)

@: no status effects
A: no striking features
a: Renounce Religion


You were on level 5 of the Dungeon.
You worshipped Xom.
You were a toy of Xom.
You visited 2 branches of the dungeon, and saw 4 of its levels.

You collected 59 gold pieces.

Inventory:

Hand Weapons
 a - a +0 hand axe (weapon)
Missiles
 d - 6 datura-tipped darts (quivered)
Armour
 b - a +0 leather armour (worn)
Wands
 g - a wand of digging (3)
Scrolls
 c - a scroll of fog
 f - a scroll of identify {unknown}
 i - a scroll of immolation {unknown}


   Skills:
 + Level 3.0 Fighting
 + Level 1.8 Axes
 + Level 0.0 Armour
 + Level 1.8 Dodging
 - Level 4.5 Stealth


You couldn't memorise any spells.
You didn't know any spells.
Your spell library contained the following spells:

 Spells                   Type           Power      Damage    Failure   Level
 Portal Projectile        Hex/Tloc       0%         N/A       80%         3
 Blade Hands              Tmut           0%         N/A       100%        5
 Excruciating Wounds      Necr           0%         N/A       100%        5


Dungeon Overview and Level Annotations

Branches:
Dungeon (7/15)             Temple (1/1) D:6

Altars:
Ashenzari
Cheibriados
Elyvilon
Hepliaklqana
Kikubaaqudgha
Okawaru
Trog
Uskayaw
Vehumet
Xom
The Shining One


Message History

You open the door.
A scorpion comes into view.
You open the door.
There is an open door here.
There is a stone staircase leading down here.
There is a stone staircase leading down here.
There is an open door here.
There is an open door here.
There is an open door here.
Okay, then.
Unknown command.
As you read the scroll of fear, it crumbles to dust.
You assume a fearsome visage.
The scorpion looks frightened!
You open the door. 2 zombies come into view.
Found a scroll labelled XYCVAMAISK and 13 gold pieces.
You close the door.
Found a stone staircase leading up.
Found an escape hatch in the floor.
There is a stone staircase leading up here.
You climb upwards.
Found a scroll labelled XYCVAMAISK.
There is a stone staircase leading down here.
The hound bites you.
The hound stops to sniff the ground.
The hound bites you but does no damage. The hound bites you.
The hound bites you but does no damage.
Unknown command.
It was a potion of curing.
You feel better. The hound barely misses you.
The hound stops to sniff the ground.
The hound barely misses you.
Okay, then.
It was a potion of heal wounds.
You feel much better. The hound bites you.
You miss the hound. The hound bites you. x2
You completely miss the hound. The hound bites you.
* * * LOW HITPOINT WARNING * * *
The hound bites you.
You die...
Xom titters!

**,,,,,,,,,,,*
***#....>..#
,*,,,,,,,,,,,*
#.?.....#
,*,,,,,,,,,,,*
#.......#
,*********,***
#.......# ,* *,*
#.......# ,* *,*
#.......# ** *,*
#.......#
#.#########.......#
#......@hZ......###
#################


You could see a hound and a bullfrog zombie.

Vanquished Creatures
  A quokka (D:5)
1 creature vanquished.

Notes
Turn   | Place    | Note
-------+----------+-------------------------------------------
     0 | D:5      | flotson the Demonspawn Delver began the quest for the Orb.
     0 | D:5      | Reached XP level 1. HP: 18/18 MP: 1/1
    48 | D:5      | Noticed a phantom
    70 | D:5      | Noticed a scorpion
    72 | D:5      | Noticed an iguana
    78 | D:5      | Noticed a black bear
   103 | D:5      | You fall into a shaft and drop 2 floors!
   209 | D:7      | Noticed a gnoll sergeant
   430 | D:6      | Found a staircase to the Ecumenical Temple.
   436 | Temple   | Entered the Ecumenical Temple
   636 | Temple   | Became a worshipper of Xom of Chaos
   659 | D:6      | Noticed a howler monkey
   686 | D:6      | Noticed a black bear
   807 | D:6      | Noticed a scorpion
   877 | D:6      | Noticed a water moccasin zombie
   898 | D:5      | Noticed a hound
   913 | D:5      | Slain by a hound

Illustrated notes

Levels and vault maps discovered:
D:5:      layout_basic, mainiacjoe_overflow_catwalk,
          mainiacjoe_overflow_alcove_1, minitemple, serial_shops,
          nicolae_take_the_stairs
D:6:      layout_loops_corners, minmay_temple_entry_purple_smoke
D:7:      layout_basic, serial_co_window_serial, co_window_of_opportunity_a,
          co_window_paths_a, co_window_paths_a, co_window_corner_a,
          co_window_corner_a, co_window_paths_b, co_window_of_opportunity_a,
          co_window_paths_a, co_window_corner_a, co_window_broadway_b,
          co_window_broadway_c, co_window_broadway_c, co_window_corner_b,
          co_window_broadway_b, glass_columns_b, glass_columns_a,
          glass_columns_a, glass_columns_c, minmay_shop_grid_forest
Temple:   dpeg_chambers_temple

Action                   || total
-------------------------++-------
Melee: Hand axe          ||     3
  Use: Potion            ||     3
       Scroll            ||     2
Armor: Leather armour    ||     2
Dodge: Dodged            ||     3

Table legend: (Time is in decaauts)
 A = Elapsed time spent in this place.
 B = Non-inter-level travel time spent in this place.
 C = Inter-level travel time spent in this place.
 D = Time resting spent in this place.
 E = Time spent auto-exploring this place.
 F = Levels seen in this place.
 G = Mean time per level.
                   A        B        C        D        E       F      G
               +--------+--------+--------+--------+--------+-----+--------+
         Total |    900 |    883 |     17 |    108 |    529 |   4 |  225.0 |
       Dungeon |    686 |    685 |      1 |    108 |    341 |   3 |  228.7 |
        Temple |    213 |    197 |     16 |      0 |    188 |   1 |  213.0 |
               +--------+--------+--------+--------+--------+-----+--------+

Top non-repeatable levels by time:
     D:7: 297 daAuts
     D:6: 280 daAuts
  Temple: 213 daAuts
     D:5: 109 daAuts
